AoeStats
← space_milk

Black Forest

503167481Analyzed
4v4 RM · 3mo ago on Aug 30, 2026· 29m 54s· 8 players
Game mode
Random Map
Map size
Large (8 player)
Population
200
Speed
Normal
Resources
Standard
Victory
Conquest
Starting age
Dark Age
Ending age
Imperial Age
RankedLock teamsTeams togetherTeam positionsShared explorationLock speedFull tech treeHidden civsTurbo modeCheats
Victory
Defeat
🇦🇷 Gurjaras · Argentina
666
+13
🇪🇸 Italians · Spain
653
+7
🇺🇸 Mapuche · United States
598
+9
🇬🇧 Tatars · United Kingdom
543
+11
vs
🇺🇸 Tupi · United States
567
-14
🇺🇸 Huns · United States
540
-13
🇩🇪 Berbers · Germany
367
-6
🇨🇳 Shu · China
291
-4
Killerkang
6:15 Loom
13:43 Feudal Age
15:04 Wheelbarrow
21:36 Castle Age
19:36 Double-Bit Axe
19:36 Horse Collar
22:34 Stone Mining
25:52 Bow Saw
27:52 Murder Holes
28:56 Heavy Plow
29:12 Caravan
V.Osimhen
12:23 Feudal Age
19:56 Castle Age
18:46 Horse Collar
19:08 Double-Bit Axe
19:50 Gold Mining
21:29 Pikeman
22:09 Squires
22:28 Forging
25:04 Scale Mail Armor
25:39 Iron Casting
25:42 Stone Mining
27:00 Bow Saw
28:40 Heavy Plow
29:06 Caravan
space_milk
1:33 Loom
15:20 Feudal Age
16:39 Wheelbarrow
16:41 Double-Bit Axe
16:39 Horse Collar
19:31 Gold Mining
19:31 Champi Runner
19:57 Arson
20:26 Forging
20:49 Stone Mining
25:15 Castle Age
24:04 Forging
23:55 Scale Mail Armor
23:46 Fletching
26:43 Bow Saw
27:03 Hand Cart
28:41 Heavy Plow
Elite Savage
Myvt365
0:37 Loom
17:28 Feudal Age
18:01 Horse Collar
18:15 Double-Bit Axe
19:11 Wheelbarrow
19:25 Gold Mining
21:18 Fletching
21:29 Padded Archer Armor
22:29 Forging
28:11 Castle Age
29:56 Hand Cart
30:02 Heavy Plow
30:21 Bow Saw
30:20 Caravan
30:53 Coinage
g_c_matthews_2000
2:53 Loom
12:05 Feudal Age
13:02 Double-Bit Axe
13:12 Horse Collar
15:32 Wheelbarrow
17:42 Town Watch
21:07 Castle Age
19:35 Scale Mail Armor
19:47 Gold Mining
20:09 Stone Mining
20:24 Fletching
20:15 Man-at-Arms
22:29 Bow Saw
23:28 Gold Shaft Mining
26:06 Heavy Plow
31:17 Imperial Age
29:12 Squires
30:13 Murder Holes
30:41 Ballistics
javiermrtnsnchz
0:37 Loom
14:18 Feudal Age
15:24 Double-Bit Axe
18:12 Horse Collar
23:00 Castle Age
21:45 Stone Mining
23:38 Wheelbarrow
26:29 Town Watch
27:42 Bow Saw
27:50 Hand Cart
27:59 Gold Mining
pabloignp
15:11 Feudal Age
15:46 Double-Bit Axe
18:30 Horse Collar
19:13 Gold Mining
23:18 Wheelbarrow
29:22 Castle Age
Connection lost

Rejoining the realm…

Still unreachable

The connection could not be restored.

Session expired

The server has moved on; the page needs a fresh start.